 Dungeon Crawl Stone Soup version 0.29.1-1-gd02db6906a (webtiles) character file.

Game seed: 9335600784251031623

2501 Godmorgon the Magician (level 9, -7/63 HPs)
             Began as a Djinni Ice Elementalist on Oct 2, 2022.
             Was a Follower of Makhleb.
             Mangled by a cyclops (22 damage)
             ... on level 7 of the Dungeon.
             The game lasted 00:29:22 (8303 turns).

Godmorgon the Magician (Djinni Ice Elementalist)    Turns: 8303, Time: 00:29:22

Health: -7/63      AC: 18    Str:  7    XL:     9   Next: 82%
Gold:   71         EV: 13    Int: 20    God:    Makhleb [*.....] SH:  0 Dex: 17

rFire   + + .      SeeInvis .   a - +9 short sword of Duuvumenyu {pain, Dex+2}
rCold   + . .      Faith    .   (no shield)
rNeg    . . .      Spirit   .   i - +0 leather armour
rPois   ∞          Reflect  .   k - +2 helmet "Plog" {Rampage Will+}
rElec   +          Harm     .   x - +0 cloak
rCorr   +          Rampage  +   (no gloves)
Will    +....                   (boots unavailable)
Stlth   ++........              (no amulet)
HPRegen 0.20/turn               H - +4 ring of protection
MPRegen 0.00/turn               r - ring of ice

@: ice-armoured, resistant, freezing walls, flying
A: sickness immunity, fire resistance 2, cold vulnerability 1, float, innate
caster, HP casting, extra vitality 1
a: Renounce Religion


You were on level 7 of the Dungeon.
You worshipped Makhleb.
Makhleb was aware of your devotion.
You visited 2 branches of the dungeon, and saw 8 of its levels.

You collected 231 gold pieces.
You spent 160 gold pieces at shops.

Inventory:

Hand Weapons
 a - the +9 short sword of Duuvumenyu (weapon) {pain, Dex+2}
   (You bought it in a shop on level 3 of the Dungeon)

   In the hands of one skilled in necromantic magic, it inflicts extra damage on
   living creatures.
   Your inability to study Necromancy prevents you from drawing on the full
   power of this weapon.
   Dex:       It affects your dexterity (+2).
Missiles
 c - 3 stones (quivered)
 v - 3 boomerangs
 C - a curare-tipped dart
 D - 2 silver boomerangs
Armour
 i - a +0 leather armour (worn)
 k - the +2 helmet "Plog" (worn) {Rampage Will+}
   (You found it on level 2 of the Dungeon)

   Rampage:   It bestows one free step when moving towards enemies.
   Will:      It increases your willpower.
 x - a +0 cloak (worn)
Jewellery
 r - a ring of ice (right hand)
 H - a +4 ring of protection (left hand)
Scrolls
 f - a scroll of summoning {unknown}
 h - 3 scrolls of identify {unknown}
 l - a scroll of fear {unknown}
 o - 2 scrolls of teleportation {unknown}
 q - a scroll of blinking {unknown}
 s - 4 scrolls of butterflies {unknown}
 u - a scroll of torment {unknown}
 w - a scroll of acquirement {unknown}
 y - 2 scrolls of enchant weapon {unknown}
 B - a scroll of noise {unknown}
 E - a scroll of magic mapping {unknown}
 G - a scroll of poison {unknown}
Potions
 d - 3 potions of resistance
 e - 2 potions of cancellation {unknown}
 g - 2 potions of heal wounds {unknown}
 j - 2 potions of flight {unknown}
 m - a potion of brilliance {unknown}
 n - a potion of ambrosia {unknown}
 p - a potion of curing {unknown}
 t - 2 potions of mutation {unknown}
 z - 2 potions of attraction {unknown}
 A - 2 potions of haste {unknown}
 F - a potion of might {unknown}


   Skills:
 + Level 4.7 Fighting
 * Level 4.0 Short Blades
 - Level 4.0 Armour
 - Level 5.0 Dodging
 - Level 1.5 Stealth
 * Level 6.3 Spellcasting
 * Level 5.0 Invocations


You couldn't memorise any spells.
You knew the following spells:

 Your Spells              Type           Power      Damage    Failure   Level
a - Ozocubu's Armour      Ice            47%        N/A       3%          3
b - Call Imp              Summ           31%        N/A       1%          2
c - Call Canine Familiar  Summ           31%        N/A       3%          3
d - Leda's Liquefaction   Hex/Erth       15%        N/A       11%         4
f - Freeze                Ice            100%       1d11      1%          1
h - Hailstorm             Conj/Ice       47%        3d11      11%         4
r - Frozen Ramparts       Ice            94%        1d15      3%          3
s - Shock                 Conj/Air       100%       1d9       1%          1
Your spell library was empty.

Dungeon Overview and Level Annotations

Branches:
Dungeon (7/15)             Temple (1/1) D:4

Altars:
Cheibriados
Dithmenos
Elyvilon
Hepliaklqana
Makhleb
Trog
Uskayaw
Yredelemnul
Zin

Shops:
D:3 (


Innate Abilities, Weirdness & Mutations

You are immune to sickness and miasma.
You are immune to poison.
Your flesh is very heat resistant. (rF++)
You are vulnerable to cold. (rC-)
You float through the air rather than walking.
You learn spells naturally, not from books.
Your magical power is your life essence.
You have superior vitality. (+4 MHP)


Message History

Casting: Frozen Ramparts (dangerous; 3% risk of failure)
Press: ? - help, Dir - look around, f - activate You feel a surge of power!
The walls around you are covered in ice.
Casting: Frozen Ramparts (dangerous; 3% risk of failure)
Confirm with . or Enter, or press ? or * to list all spells.
You feel a surge of power! A film of ice covers your body!
A cyclops breaks down the door.
Casting: Ozocubu's Armour (dangerous; 3% risk of failure)
Confirm with . or Enter, or press ? or * to list all spells.
Aiming: Shock (safe; 1% risk of failure)
Press: ? - help, Shift-Dir - straight line, f - cyclops
Aim: a cyclops, quivering large rocks (98% to hit)
The zap hits the cyclops.
The cyclops is lightly wounded.
The wall freezes the cyclops but does no damage.
The cyclops throws a large rock.
The large rock hits you!!
Ouch! That really hurt!
* * * LOW HITPOINT WARNING * * *
Okay, then.
Okay, then.
Unknown command.
Press: ? - help, v - describe, . - travel
Here: a cyclops, quivering large rocks (lightly wounded)
The floor.
Unknown command.
It was a potion of resistance.
You feel protected.
The wall freezes the cyclops!
You hit the cyclops but do no damage.
The cyclops is moderately wounded.
You hit the cyclops but do no damage.
The cyclops is moderately wounded.
The wall freezes the cyclops!
The cyclops misses you.
You hit the cyclops.
The cyclops is severely wounded.
You hit the cyclops but do no damage.
The cyclops is severely wounded.
The wall freezes the cyclops.
The cyclops hits you!!
You die...

#####.......####....####.........
#.......# #....## #.......##
#.......# #.#...# #.......#
#.......# #.#...# #.......##
#.......# #.#...# #.......##
#.......# #.#...# ##.####.##
#.......# #.#...####.####.##
######### #.#...'.......)...
#@#...####.####.## #C#.##. .....
#... #....# .###.##.####
#.......# ... .. #...##### #.# ##
#.... #.# #..... ... #.....
#...#.#


You could see a cyclops.

Vanquished Creatures
  Joseph (D:7)
  2 steam dragons
  A water moccasin (D:6)
  Duvessa (D:4)
  2 ice beasts
  A sky beast (D:7)
  2 ogres
  3 black bears (D:4)
  A kobold brigand (D:6)
  3 scorpions
  A bullfrog (D:6)
  Dowan (D:4)
  3 hounds (D:5)
  A jelly (D:6)
  A gnoll bouda (D:5)
  2 orc priests (D:6)
  Natasha (thrice) (D:2)
  An orc wizard (D:6)
  4 river rats (D:4)
  15 adders
  2 white imps (D:6)
  6 worms
  2 dart slugs
  8 orcs
  6 endoplasms
  A giant cockroach (D:4)
  5 goblins
  2 hobgoblins
  6 quokkas
  2 ball pythons
  4 bats
  3 frilled lizards
  8 kobolds
  6 rats
  A bush (D:2)
  A butterfly (D:4)
112 creatures vanquished.

Vanquished Creatures (collateral kills)
  An ice beast (D:5)
1 creature vanquished.

Vanquished Creatures (others)
  A kobold (D:6)
  3 fungi (D:2)
  7 plants (D:2)
11 creatures vanquished.

Grand Total: 124 creatures vanquished

Notes
Turn   | Place    | Note
-------+----------+-------------------------------------------
     0 | D:1      | Godmorgon the Djinni Ice Elementalist began the quest for
                  | the Orb.
     0 | D:1      | Godmorgon set off with the following spells memorised:
                  | Freeze, Frozen Ramparts, Ozocubu's Armour, Hailstorm.
     0 | D:1      | Reached XP level 1. HP: 15/15 MP: 0/0
   492 | D:1      | Reached XP level 2. HP: 21/22 MP: 0/0
   793 | D:1      | Reached skill level 1 in Fighting
  1440 | D:2      | Reached XP level 3. HP: 25/27 MP: 0/0
  1440 | D:2      | Learned a level 1 spell: Shock
  1777 | D:2      | Reached skill level 1 in Armour
  1780 | D:2      | Identified the +2 helmet "Plog" {Rampage Will+}
  1942 | D:2      | Reached XP level 4. HP: 30/32 MP: 0/0
  2032 | D:2      | Found a faded altar of an unknown god.
  3062 | D:3      | Noticed Natasha
  3077 | D:2      | Killed Natasha
  3114 | D:2      | Noticed Natasha
  3118 | D:2      | Killed Natasha
  3119 | D:2      | Reached skill level 4 in Spellcasting
  3119 | D:2      | Reached XP level 5. HP: 24/38 MP: 0/0
  3119 | D:2      | Learned a level 2 spell: Call Imp
  3261 | D:2      | Found a faded altar of an unknown god.
  3384 | D:2      | Noticed Natasha
  3388 | D:2      | Killed Natasha
  3502 | D:3      | Found Onarriq's Antique Weapon Shoppe.
  4059 | D:4      | Found a staircase to the Ecumenical Temple.
  4070 | Temple   | Entered the Ecumenical Temple
  4077 | Temple   | Became a worshipper of Makhleb the Destroyer
  4124 | D:4      | Noticed a black bear
  4126 | D:4      | Found a bloodstained altar of Trog.
  4126 | D:4      | Noticed a black bear
  4138 | D:4      | Killed a black bear
  4139 | D:4      | Reached XP level 6. HP: 26/43 MP: 0/0
  4246 | D:4      | Noticed an ogre
  4254 | D:4      | Killed an ogre
  4255 | D:4      | Reached XP level 7. HP: 11/49 MP: 0/0
  4255 | D:4      | Learned a level 3 spell: Call Canine Familiar
  5081 | D:4      | Reached * piety under Makhleb
  5123 | D:4      | Noticed Duvessa
  5123 | D:4      | Noticed Dowan
  5133 | D:4      | Killed Duvessa
  5133 | D:4      | Killed Dowan
  5134 | D:4      | Reached skill level 5 in Spellcasting
  5134 | D:4      | Reached skill level 1 in Invocations
  5134 | D:4      | Reached XP level 8. HP: 52/56 MP: 0/0
  5461 | D:5      | Entered Level 5 of the Dungeon
  5786 | D:5      | Reached skill level 1 in Short Blades
  6312 | D:5      | Found a white marble altar of Elyvilon.
  6696 | D:6      | Reached XP level 9. HP: 29/62 MP: 0/0
  6696 | D:6      | Learned a level 4 spell: Leda's Liquefaction
  7284 | D:6      | Reached skill level 5 in Dodging
  7294 | D:6      | Reached skill level 6 in Spellcasting
  7806 | D:3      | Bought a scorched short sword for 160 gold pieces
  7806 | D:3      | Identified the +9 short sword of Duuvumenyu {pain, Dex+2}
                  | (You bought it in a shop on level 3 of the Dungeon)
  7977 | D:7      | Noticed Joseph
  8008 | D:7      | Killed Joseph
  8288 | D:7      | Noticed a cyclops
  8289 | D:7      | Reached skill level 5 in Invocations
  8303 | D:7      | Mangled by a cyclops

Illustrated notes

Levels and vault maps discovered:
D:1:      sevenhm_arrival_forest_fort_large_2, layout_basic
D:2:      layout_basic, dreamdust_ecumenical_altar_grove, serial_forest,
          infiniplex_forest_lined_2, infiniplex_forest_end_3,
          infiniplex_forest_lined_room_, infiniplex_forest_lined_4_way,
          infiniplex_forest_lined_3, infiniplex_forest_end_1,
          infiniplex_forest_lined_2, infiniplex_forest_lined_room_3,
          infiniplex_forest_clump_tiny, minmay_misc_feat_tiny
D:3:      layout_rooms, mainiacjoe_overflow_chevrons, serial_shops,
          nicolae_shop_waterfront, minmay_unequal, uniq_natasha
D:4:      layout_loops_ring, trog_ov_bears_minmay,
          minmay_temple_entry_butterflies, lightli_sewer_entry_pipes,
          uniq_duvessa
D:5:      minmay_evil_eye, layout_loops_corners, pf_just_have_faith
D:6:      layout_loops_cross, marbit_many_paths
D:7:      layout_basic, sigmund_army, uniq_maggie, uniq_joseph
Temple:   cyrus_circular_temple

Skill      XL: |  1  2  3  4  5  6  7  8  9 |
---------------+----------------------------+-----
Fighting       | 1 2 3 4 |  4.7
Armour         | 1 2 3 4 |  4.0
Spellcasting   | 4 5 6 |  6.3
Dodging        | 3 4 5 |  5.0
Invocations    | 1 3 5 |  5.0
Short Blades   | 2 4 |  4.0
Stealth        | |  1.5

Action                   |  1- 3 |  4- 6 |  7- 9 || total
-------------------------+-------+-------+-------++-------
Melee: Dagger            |     1 |   684 |   109 ||   794
       Punch             |       |    11 |     2 ||    13
       Short sword       |       |       |    17 ||    17
Throw: Stone             |     2 |       |       ||     2
 Cast: Freeze            |    34 |    27 |    12 ||    73
       Shock             |    10 |    24 |    30 ||    64
       Frozen Ramparts   |       |     3 |    28 ||    31
       Ozocubu's Armour  |       |     2 |    10 ||    12
       Call Imp          |       |     1 |       ||     1
       Call Canine Famil |       |       |     1 ||     1
  Use: Potion            |       |       |     1 ||     1
 Stab: Sleeping          |     1 |     2 |     7 ||    10
Armor: Robe              |     3 |       |       ||     3
       Leather armour    |     5 |    20 |    48 ||    73
Dodge: Dodged            |    12 |    21 |    93 ||   126
